 Dungeon Crawl Stone Soup version 0.22-a0-757-gdba82d8 (webtiles) character file.

1298 Hebeh the Magician (level 8, -3/41 HPs)
             Began as a Deep Elf Fire Elementalist on July 16, 2018.
             Was an Initiate of Vehumet.
             Shot with an arrow by a centaur (12 damage)
             ... on level 5 of the Dungeon.
             The game lasted 00:28:47 (6826 turns).

Hebeh the Magician (Deep Elf Fire Elementalist)     Turns: 6826, Time: 00:28:48

Health: -3/41      AC:  6    Str:  5    XL:     8   Next: 31%
Magic:  24/27      EV: 13    Int: 29    God:    Vehumet [......]
Gold:   240        SH:  0    Dex: 15    Spells: 8/22 levels left

rFire    . . .     SeeInvis .   F - +6 Majin-Bo {vamp, Archmagi MP+6 Int+6}
rCold    . . .     Gourm    .   (shield currently unavailable)
rNeg     . . .     Faith    .   u - +0 robe (curse)
rPois    .         Spirit   .   (no helmet)
rElec    .         Reflect  .   r - +2 cloak
rCorr    .         Harm     .   (no gloves)
MR       .....                  l - +0 pair of boots
Stlth    ++........             (no amulet)
HPRegen  0.13/turn              (no ring)
MPRegen  0.20/turn              (no ring)

@: no status effects
A: no striking features
a: Renounce Religion


You were on level 5 of the Dungeon.
You worshipped Vehumet.
Vehumet was noncommittal.
You were not hungry.

You visited 2 branches of the dungeon, and saw 6 of its levels.
You also visited: Sewer.

You collected 240 gold pieces.

Inventory:

Hand Weapons
 a - a +0 rapier
 F - the +6 Majin-Bo (weapon) {vamp, Archmagi MP+6 Int+6}
   (You found it on level 4 of the Dungeon)

   It inflicts no extra harm, but heals its wielder when it wounds a living foe.
   It affects your intelligence (+6).
   It affects your magic capacity (+6).
Missiles
 i - 184 stones
 j - 6 tomahawks (quivered)
 q - 10 bolts
 v - 81 sling bullets
 G - 22 arrows
Armour
 g - a +0 robe
 l - a +0 pair of boots (worn)
 r - a +2 cloak (worn)
 s - a +2 buckler
 u - a cursed +0 robe (worn)
 y - the cursed +0 scale mail of Compression {rF+ rC+, unknown}
   (You found it on level 4 of the Dungeon)

   It protects you from fire.
   It protects you from cold.
   It has a curse placed upon it.
Jewellery
 D - an uncursed amulet of regeneration {unknown}
 E - an uncursed amulet of the acrobat {unknown}
Wands
 z - a wand of flame (37)
 A - a wand of paralysis (17)
Scrolls
 b - 3 scrolls of fog {unknown}
 f - a scroll of enchant armour {unknown}
 h - 8 scrolls of identify {unknown}
 k - a scroll of remove curse {unknown}
 m - 4 scrolls of teleportation {unknown}
 o - 2 scrolls of fear {unknown}
 w - 6 scrolls of magic mapping {unknown}
 x - a scroll of blinking {unknown}
Potions
 d - 6 potions of magic {unknown}
 e - a potion of brilliance
 n - a potion of mutation {unknown}
 p - a potion of berserk rage {unknown}
 t - a potion of degeneration {unknown}
 C - a potion of resistance {unknown}
Comestibles
 c - 5 rations


   Skills:
 - Level 2.4 Dodging
 - Level 2.4 Stealth
 * Level 7.7 Spellcasting
 * Level 7.1 Conjurations
 * Level 6.9 Fire Magic


You had 8 spell levels left.
You knew the following spells:

 Your Spells              Type           Power        Failure   Level  Hunger
a - Flame Tongue          Conj/Fire      #####        1%          1    None
b - Throw Flame           Conj/Fire      ######       1%          2    None
c - Conjure Flame         Conj/Fire      ######..     1%          3    None
d - Fireball              Conj/Fire      ######....   8%          5    ####...
e - Inner Flame           Hex/Fire       #####...     3%          3    None

Your spell library contained the following spells:

 Spells                   Type           Power        Failure   Level  Hunger
 Summon Small Mammal      Summ           ###.         4%          1    None
 Sticky Flame             Conj/Fire      ######..     2%          4    ##.....
 Summon Ice Beast         Ice/Summ       ###.....     43%         4    ##.....
 Call Imp                 Summ           ###.....     7%          2    None
 Call Canine Familiar     Summ           ###.....     14%         3    None
 Summon Lightning Spire   Summ/Air       ###.....     43%         4    ##.....
 Summon Guardian Golem    Hex/Summ       ###.....     14%         3    None


Dungeon Overview and Level Annotations

Branches:
Dungeon (5/15)             Temple (1/1) D:4

Altars:
Ashenzari
Cheibriados
Elyvilon
Fedhas
Gozag
Qazlal
Uskayaw
Vehumet
Wu Jian
Xom
The Shining One


Message History

The centaur shoots an arrow.
The arrow hits you.
Casting: Flame Tongue (safe; 1% risk of failure)
Confirm with . or Enter, or press ? or * to list all spells.
Aiming: Flame Tongue (safe; 1% risk of failure)
Press: ? - help, Shift-Dir - straight line, f/p - centaur
Aim: a centaur, wielding a shortbow (moderately wounded)
You feel a surge of power!
The flame tongue hits the centaur.
The centaur is moderately wounded.
The centaur shoots an arrow.
The arrow hits you.
* * * LOW HITPOINT WARNING * * *
Casting: Flame Tongue (safe; 1% risk of failure)
Confirm with . or Enter, or press ? or * to list all spells.
Aiming: Flame Tongue (safe; 1% risk of failure)
Press: ? - help, Shift-Dir - straight line, f/p - centaur
Aim: a centaur, wielding a shortbow (moderately wounded)
You feel a surge of power!
The flame tongue hits the centaur.
The centaur is heavily wounded.
* * * LOW HITPOINT WARNING * * *
The centaur shoots an arrow.
The arrow hits you!
You die...

#.# .# #.#
####.# #.#
.....## #.#
.......
#.##.......
#.....
#>.........
......
####.##.......
#.....
#..((.@..c....
#.....
#.##.#######..
.... #.##.# ..
#.##.# #######
#.##.. .......
#.#### ######
#.# # #.# #
#.#


You could see a centaur.

Vanquished Creatures
  A phantom (D:5)
  2 ogres (D:4)
  A centaur (D:4)
  Blork the orc (D:4)
  3 bullfrogs
  A big kobold (D:2)
  A crimson imp (D:5)
  2 orc wizards (D:5)
  Natasha (twice) (D:4)
  7 worker ants
  17 adders
  5 river rats (Sewer)
  3 oozes
  3 worms
  2 dart slugs (D:1)
  A leopard gecko (D:1)
  An orc (D:5)
  6 bats
  4 giant cockroaches
  10 goblins
  11 hobgoblins
  9 jackals
  12 kobolds
  2 quokkas
  10 ball pythons
  10 frilled lizards
  A jackal skeleton (D:4)
  A leopard gecko skeleton (D:5)
  A quokka skeleton (D:4)
  30 rats
160 creatures vanquished.

Vanquished Creatures (others)
  A quokka (D:3)
  A frilled lizard (D:3)
2 creatures vanquished.

Grand Total: 162 creatures vanquished

Notes
Turn   | Place    | Note
-------+----------+-------------------------------------------
     0 | D:1      | Hebeh the Deep Elf Fire Elementalist began the quest for the Orb.
     0 | D:1      | Reached XP level 1. HP: 10/10 MP: 6/6
   113 | D:1      | Reached XP level 2. HP: 11/15 MP: 0/8
   553 | D:1      | Reached XP level 3. HP: 19/19 MP: 7/10
   891 | D:2      | Found a shimmering altar of Xom.
   891 | D:2      | Found a stormy altar of Qazlal.
   976 | D:2      | Found a shattered altar of Ashenzari.
  1769 | D:2      | Found a hide-covered altar of Uskayaw.
  1896 | D:2      | Learned a level 2 spell: Throw Flame
  1900 | D:2      | Learned a level 3 spell: Conjure Flame
  1904 | D:2      | Learned a level 3 spell: Inner Flame
  1970 | D:3      | Reached XP level 4. HP: 24/24 MP: 9/11
  2067 | D:3      | Noticed a big kobold
  2107 | D:2      | Killed a big kobold
  2107 | D:2      | Reached XP level 5. HP: 28/28 MP: 4/13
  2485 | D:3      | Found a white marble altar of Elyvilon.
  3656 | D:4      | Noticed Natasha
  3662 | D:4      | Killed Natasha
  3670 | D:4      | Noticed Natasha
  3761 | D:4      | Noticed Blork the orc
  3766 | D:4      | Killed Blork the orc
  3766 | D:4      | Reached skill level 5 in Fire Magic
  3766 | D:4      | Reached XP level 6. HP: 32/32 MP: 8/15
  3771 | D:4      | Reached skill level 5 in Spellcasting
  3771 | D:4      | Reached skill level 5 in Conjurations
  3961 | D:4      | Found a glowing drain.
  3986 | Sewer    | Entered a sewer
  4268 | Sewer    | Reached XP level 7. HP: 36/36 MP: 15/17
  4803 | D:4      | Got a transparent scale mail
  4871 | D:4      | Found a blossoming altar of Fedhas.
  5075 | D:4      | Found the +6 Majin-Bo {vamp, Archmagi MP+6 Int+6}
  5250 | D:4      | Found an opulent altar of Gozag.
  5543 | D:4      | Found a staircase to the Ecumenical Temple.
  5565 | Temple   | Entered the Ecumenical Temple
  5609 | Temple   | Became a worshipper of Vehumet
  5903 | D:4      | Killed Natasha
  6100 | D:5      | Entered Level 5 of the Dungeon
  6103 | D:5      | Reached XP level 8. HP: 39/41 MP: 20/20
  6110 | D:5      | Learned a level 5 spell: Fireball
  6826 | D:5      | Shot with an arrow by a centaur

Vault maps used:
D:1:      lemuel_arrival_behind_the_door_small, serial_bayou_pond_c
D:2:      ashenzari_altar_1, nicolae_overflow_hidden_temple,
          grunt_temple_overflow_open, minmay_tree_intersection
D:3:      cheibrodos_thug_alley, elyvilon_altar_4
D:4:      kennysheep_mini, temple_hall, cheibrodos_sewer_entry_drain,
          fedhas_bush_and_centaur_altar, uniq_natasha, uniq_blork_the_orc
D:5:      first_ration
Temple:   dpeg_chambers_temple
Sewer:    sewer_minmay_w

Skill      XL: |  1  2  3  4  5  6  7  8 |
---------------+-------------------------+-----
Conjurations   | 2 3 4 5 6 7 |  7.1
Fire Magic     | 4 5 6 |  6.9
Spellcasting   | 4 5 7 |  7.7
Dodging        | |  2.4
Stealth        | |  2.4

Action                   |  1- 3 |  4- 6 |  7- 9 || total
-------------------------+-------+-------+-------++-------
Melee: Club              |    26 |       |       ||    26
       Quarterstaff      |       |       |    20 ||    20
Throw: Tomahawk          |    16 |     2 |       ||    18
       Stone             |     3 |     1 |       ||     4
 Cast: Flame Tongue      |    80 |    60 |    45 ||   185
       Throw Flame       |       |    49 |    48 ||    97
       Fireball          |       |       |     3 ||     3
  Use: Potion            |       |       |     3 ||     3
  Eat: Chunk             |     3 |     7 |     7 ||    17
       Ration            |       |       |     2 ||     2
Armor: Robe              |    17 |     5 |    18 ||    40
Dodge: Dodged            |    50 |    11 |    28 ||    89

Table legend:
 A = Spawn XP
 B = Non-spawn XP
 C = Spawn XP percentage of total XP
 D = Spawn monster count
 E = Non-spawn monster count
 F = Spawn count percentage of total count
 G = Total turns spent on level
                    A         B        C        D         E        F      G
               +---------+---------+-------+---------+---------+-------+---------
         Total |       0 |    1855 |   0.0 |       0 |     160 |   0.0 |  6826
               +---------+---------+-------+---------+---------+-------+---------
           D:1 |       0 |      43 |   0.0 |       0 |      19 |   0.0 |   849
           D:2 |       0 |     141 |   0.0 |       0 |      26 |   0.0 |  1255
           D:3 |       0 |     124 |   0.0 |       0 |      33 |   0.0 |  1551
           D:4 |       0 |     731 |   0.0 |       0 |      23 |   0.0 |  1638
           D:5 |       0 |     440 |   0.0 |       0 |      11 |   0.0 |   726
         Sewer |       0 |     376 |   0.0 |       0 |      48 |   0.0 |   720
               +---------+---------+-------+---------+---------+-------+---------
